 Dungeon Crawl Stone Soup version 0.32-a0-32-g978bd80 (webtiles) character file.

Game seed: 1202783441429506531

89120 Wereowl9 the Bludgeoner (level 15, -9/163 HPs)
             Began as an Oni Warper on Jan 17, 2024.
             Was the Champion of Jiyva.
             Mangled by a salamander
             ... wielding a +0 halberd
              (12 damage)
             ... on level 1 of the Snake Pit on Jan 20, 2024.
             The game lasted 01:33:02 (19550 turns).

Wereowl9 the Bludgeoner (Oni Warper)               Turns: 19550, Time: 01:33:02

Health: -9/163     AC:  4    Str: 25    XL:     15   Next: 52%
Magic:  30/30      EV: 11    Int: 17    God:    Jiyva [******]
Gold:   792        SH:  0    Dex:  7    Spells: 23/37 levels left

rFire   + + +        M - +1 giant spiked club (drain)
rCold   . . .        (shield currently unavailable)
rNeg    . . .        E - +0 troll leather armour
rPois   +            (helmet restricted)
rElec   .            y - +1 cloak
rCorr   +            (gloves unavailable)
SInv    .            (boots unavailable)
Will    ++...        (no amulet)
Stlth   +            H - ring of wizardry
HPRegen 2.87/turn    o - ring of poison resistance
MPRegen 1.02/turn

%: wizardry (x1)
@: calling ooze
A: large, unfitting armour, horns 1, tough skin 1, double potion healing,
drunken brawling, talons 3, fire resistance 3, strong-willed 1, sense
surroundings 2, strong 1, acidic bite, pseudopods 1, MP-powered wands
}: 1/15 runes: slimy
a: Renounce Religion, Oozemancy, Slimify


You were on level 1 of the Snake Pit.
You worshipped Jiyva.
Jiyva was exalted by your worship.
You visited 5 branches of the dungeon, and saw 27 of its levels.

You collected 976 gold pieces.
You spent 184 gold pieces at shops.

Inventory:

Hand Weapons
 r - a +2 whip of freezing
 M - a +1 giant spiked club of draining (weapon)
Missiles
 d - 9 darts of dispersal
 m - 45 poisoned darts
 L - a curare-tipped dart
Armour
 b - a +0 robe
 s - a +2 robe of willpower
 y - a +1 cloak (worn)
 B - +0 acid dragon scales
 E - a +0 troll leather armour (worn)
Jewellery
 o - a ring of poison resistance (right hand)
 H - a ring of wizardry (left hand)
 O - a ring of wizardry
Wands
 e - a wand of mindburst (8)
 h - a wand of quicksilver (3)
 z - a wand of roots (12)
 A - a wand of paralysis (6)
 J - a wand of flame (17)
 K - a wand of digging (14)
Scrolls
 c - a scroll of blinking
 f - 5 scrolls of teleportation
 i - 4 scrolls of amnesia
 k - a scroll of poison
 l - 5 scrolls of immolation
 p - 4 scrolls of torment
 t - 4 scrolls of fog
 w - 3 scrolls of noise
 D - 2 scrolls of vulnerability
 P - 2 scrolls of revelation
Potions
 g - 2 potions of haste
 j - a potion of mutation {unknown}
 n - 3 potions of ambrosia {unknown}
 q - a potion of resistance {unknown}
 u - 4 potions of brilliance
 v - 2 potions of curing
 x - a potion of berserk rage {unknown}
 C - 2 potions of lignification
 I - a potion of might {unknown}
 N - 2 potions of enlightenment {unknown}
Miscellaneous
 F - a phial of floods
 G - a box of beasts


   Skills:
 + Level 14.1 Fighting
 - Level 18.0 Maces & Flails
 - Level 1.0 Throwing
 + Level 10.2 Dodging
 + Level 11.9 Spellcasting
 + Level 1.2 Conjurations
 - Level 9.0 Translocations


You had 23 spell levels left.
You knew the following spells:

 Your Spells              Type           Power      Damage    Failure   Level
a - Blink                 Tloc           80%        N/A       1%          2
b - Manifold Assault      Tloc           40%        N/A       1%          4
c - Vhi's Electric Charg  Tloc/Air       50%        N/A       5%          4
d - Iskenderun's Mystic   Conj/Tloc      27%        2d7       4%          4

Your spell library contained the following spells:

 Spells                   Type           Power      Damage    Failure   Level
 Lesser Beckoning         Tloc           80%        N/A       1%          2
 Momentum Strike          Conj/Tloc      54%        3d9       1%          2
 Gell's Gravitas          Tloc           40%        N/A       1%          3
 Teleport Other           Tloc           40%        N/A       1%          3
 Kiss of Death            Conj/Necr      48%        2d9       2%          1
 Dimensional Bullseye     Hex/Tloc       12%        N/A       5%          4
 Confusing Touch          Hex            10%        N/A       10%         3
 Summon Ice Beast         Ice/Summ       10%        N/A       10%         3
 Tukima's Dance           Hex            10%        N/A       10%         3
 Dispel Undead            Necr           10%        3d9       32%         4
 Leda's Liquefaction      Alch/Erth      5%         N/A       32%         4
 Arcjolt                  Conj/Air       6%         1d16      52%         5
 Lee's Rapid Deconstruct  Erth           5%         3d6*      63%         5
 Summon Mana Viper        Hex/Summ       10%        N/A       63%         5
 Bombard                  Conj/Erth      6%         9d2       97%         6
 Haunt                    Necr/Summ      5%         N/A       100%        7
 Monstrous Menagerie      Summ           5%         N/A       100%        7
 Borgnjor's Revivificati  Necr           5%         N/A       100%        8
 Maxwell's Capacitive Co  Air            5%         ∞         100%        8
 Death's Door             Necr           5%         N/A       100%        9


Dungeon Overview and Level Annotations

Branches:
Dungeon (14/15)            Temple (0/1) D:4            Lair (5/5) D:11
  Swamp (0/4) Lair:3        Snake (1/4) Lair:2        Slime (5/5) Lair:5
    Orc (2/2) D:12            Elf (0/3) Orc:2        Vaults (0/5) D:13

Altars:
Ashenzari
Fedhas
Qazlal
Sif Muna
Uskayaw
Wu Jian
Xom
Jiyva

Shops:
D:6 !?[=[   Orc:1 =   Orc:2 ([*[

Portals:
Abyss: D:7

Annotations:
Slime:5 Royal Jelly


Innate Abilities, Weirdness & Mutations

You are too large for most types of armour.
You have a pair of small horns on your head.
You have tough skin. (AC +1)
You gain doubled healing and magic from potions.
Whenever you drink a healing potion, you attack all around you.
You have claws for feet.
Your flesh is almost immune to the effects of heat. (rF+++)
You are strong-willed. (Will+)
You passively map the area around you.
Your muscles are strong. (Str +4, Int/Dex -1)
You have acidic saliva.
Armour fits poorly on your pseudopods.
You expend magic power (3 MP) to strengthen your wands.


Message History

You feel sick.
You are no longer poisoned.
The salamander hits you with a +0 halberd!
* * * LOW HITPOINT WARNING * * *
You are engulfed in flames.
You resist.
* * * LOW HITPOINT WARNING * * *
Activating: Oozemancy (0% risk of failure)
Press: ? - help, Dir - look around, f - activate Slime begins to ooze from the nearby walls!
The walls burn the shock serpent!
The walls burn the naga sharpshooter!
The walls burn the naga!
The walls burn the shock serpent!
The shock serpent's electric aura discharges, shocking you!
* * * LOW HITPOINT WARNING * * *
You take a swig of the potion and twirl your +1 giant spiked club of draining.
You skewer the naga sharpshooter like a kebab!!!
Your kick misses the naga sharpshooter.
You headbutt the naga sharpshooter, but do no damage.
Your bite misses the naga sharpshooter. You bludgeon the naga sharpshooter.
The naga sharpshooter is severely wounded.
You savour every drop.
You feel better.
The walls burn the shock serpent!
The walls burn the salamander!
The salamander hits you from afar with a +0 halberd!
* * * LOW HITPOINT WARNING * * *
You are engulfed in flames.
You resist.
* * * LOW HITPOINT WARNING * * *
Hit: M) +1 giant spiked club (drain)
Press: ? - help, Dir - move target, f - naga sharpshooter
Aim: a naga sharpshooter, wielding a +0 arbalest (severely wounded, strong, about 37% to evade your +1 giant spiked club of draining)
Okay, then.
You pound the naga sharpshooter like an anvil!!!
You kill the naga sharpshooter!
The walls burn the shock serpent!
The shock serpent shoots out a bolt of lightning at you!
The bolt of electricity hits you!!
* * * LOW HITPOINT WARNING * * *
The shock serpent's electric aura discharges, shocking you!
* * * LOW HITPOINT WARNING * * *
The walls burn the naga!
The walls burn the salamander!
The salamander hits you from afar with a +0 halberd!
You die...

,,, *, , * , ,, ** *
....... , ,......., , *
, ....... , * ,, **
,,....... , * , ,
,...... * , * ##.... ,
,, * *, #####NN# * , ,,
*##..@)S# * * ,, ,
##.####.###### *
####.## #.......##. * ,
,,
**#.....###..........
##......##....^..... *
.##.......###.<)......
,
...........##..)......
,,
.#.............)......,
** **
##.........##.........
,*


You could see a salamander, a shock serpent and a naga.

Vanquished Creatures
  2 orc warlords (Orc:2)
  3 hydras
  4 boulder beetles
  5 catoblepae
  Erica (Lair:1)
  5 two-headed ogres
  A naga warrior (Snake:1)
  A tengu warrior (D:14)
  An orc high priest (Orc:2)
  9 death yaks (Lair:5)
  A naga sharpshooter (Snake:1)
  Nergalle (D:11)
  2 skysharks
  Amaemon (Lair:1)
  An arcanist (D:13)
  The ghost of roomforsquares the Cleaver, a novice MiFi of Okawaru (D:7)
  Pikel (D:5)
  3 orc knights
  A deep elf pyromancer (D:13)
  5 orc sorcerers
  7 manticores
  An ugly thing (D:12)
  4 elephants
  A cyclops (D:12)
  3 kobold blastminers (Orc:2)
  A guardian serpent (Snake:1)
  An unseen horror (D:11)
  9 black mambas
  A gargoyle (D:10)
  12 cane toads
  9 komodo dragons
  An orange demon (Lair:1)
  A kobold demonologist (D:10)
  7 rime drakes
  A tengu conjurer (D:14)
  Psyche (D:9)
  4 polar bears
  An ancient zyme (D:7)
  10 trolls
  A queen bee (Lair:2)
  17 blink frogs
  6 dream sheep (Lair:5)
  A hornet (D:8)
  4 wyverns
  Eustachio (D:4)
  3 wraiths
  44 yaks
  A fire elemental (Lair:4)
  5 basilisks
  3 wargs
  3 steam dragons
  3 nagas (Snake:1)
  5 vampire mosquitoes (D:12)
  4 acid dragons
  A small abomination (D:7)
  15 water moccasins
  42 orc warriors
  A black bear (D:4)
  6 ogres
  3 centaurs
  6 wolves
  6 kobold brigands
  15 bullfrogs
  6 scorpions
  7 wights
  30 killer bees
  10 howler monkeys
  3 electric eels (Lair:2)
  A crimson imp (D:5)
  7 hounds
  A bombardier beetle (D:4)
  A gnoll bouda (D:5)
  13 orc priests
  Crazy Yiuf (D:3)
  Ijyb (D:4)
  4 hell rats (Lair:1)
  2 sleepcaps (D:7)
  24 orc wizards
  2 gnolls (D:5)
  2 adders
  A white imp (D:7)
  2 dart slugs
  A ribbon worm (D:2)
  72 orcs
  2 giant cockroaches
  4 goblins
  4 hobgoblins
  24 kobolds
  2 quokkas
  4 ball pythons
  4 bats
  3 frilled lizards (D:1)
  2 rats
560 creatures vanquished.

Vanquished Creatures (collateral kills)
  A necromancer (D:13)
  A cyclops (D:13)
  A kobold blastminer (Orc:2)
  A komodo dragon (D:11)
  2 trolls (D:13)
  Menkaure (D:7)
  An orc warrior (Orc:2)
  An orc (Orc:2)
9 creatures vanquished.

Vanquished Creatures (others)
  A cyclops (D:9)
  A cane toad (Lair:5)
  A slime creature (D:9)
  A yak (D:7)
  2 water moccasins (Lair:2)
  An orc warrior (Orc:2)
  An ice beast (D:5)
  A centaur (D:3)
  2 kobold brigands
  2 scorpions
  3 killer bees (Lair:2)
  A howler monkey (D:8)
  3 crimson imps (D:5)
  3 hounds
  73 jellies
  2 orc priests
  A sleepcap (D:4)
  5 orc wizards
  Terence (D:2)
  3 gnolls (D:5)
  2 adders (D:5)
  An ufetubus (D:7)
  A ribbon worm (D:4)
  22 orcs
  2 endoplasms
  A giant cockroach (D:2)
  2 goblins
  2 jackals (D:5)
  2 quokkas (D:3)
  A ball python (D:4)
  7 kobolds
  2 rats
153 creatures vanquished.

Grand Total: 722 creatures vanquished

Notes
Turn   | Place    | Note
-------+----------+-------------------------------------------
     0 | D:1      | Wereowl9 the Oni Warper began the quest for the Orb.
     0 | D:1      | Reached XP level 1. HP: 22/22 MP: 3/3
   283 | D:1      | Reached XP level 2. HP: 27/29 MP: 5/5
   699 | D:1      | Found a faded altar of an unknown god.
   716 | D:1      | Prayed at the altar of an unknown god.
   716 | D:1      | Became a worshipper of Jiyva Juamn the Shapeless
   716 | D:1      | Reached * piety under Jiyva
   997 | D:2      | Reached ** piety under Jiyva
  1025 | D:2      | Reached XP level 3. HP: 37/37 MP: 7/7
  1147 | D:2      | Learned a level 2 spell: Blink
  1320 | D:2      | Found a broken altar of Ashenzari.
  1364 | D:2      | You fall into a shaft and drop 2 floors!
  1405 | D:4      | Reached *** piety under Jiyva
  1419 | D:4      | Reached XP level 4. HP: 42/45 MP: 8/8
  1446 | D:4      | Noticed Eustachio
  1534 | D:4      | Reached skill level 3 in Maces & Flails
  1537 | D:4      | Noticed Ijyb
  1549 | D:5      | Entered Level 5 of the Dungeon
  1549 | D:5      | Gained mutation: You have large cloven feet. [Jiyva's
                  | grace]
  1549 | D:5      | Gained mutation: You have hoof-like feet. [Jiyva's grace]
  1549 | D:5      | Gained mutation: You have hooves in place of feet. [Jiyva's
                  | grace]
  1549 | D:5      | Gained mutation: You are resistant to electric shocks.
                  | (rElec) [Jiyva's grace]
  1559 | D:5      | Reached XP level 5. HP: 32/54 MP: 9/9
  1681 | D:5      | Noticed Pikel
  1686 | D:5      | Noticed a lemure
  1686 | D:5      | Noticed a lemure
  1688 | D:5      | Killed Pikel
  1689 | D:5      | Reached skill level 4 in Maces & Flails
  1689 | D:5      | Reached XP level 6. HP: 65/65 MP: 9/12
  1689 | D:5      | Reached XP level 7. HP: 71/71 MP: 9/13
  1735 | D:4      | HP: 3/71 [Ijyb/+0 dagger (3)]
  1738 | D:4      | HP: 1/71 [Eustachio/+0 falchion (5)]
  1741 | D:4      | Killed Ijyb
  1758 | D:4      | Killed Eustachio
  1759 | D:4      | Reached skill level 5 in Fighting
  1759 | D:4      | Reached skill level 5 in Maces & Flails
  1926 | D:4      | Found a staircase to the Ecumenical Temple.
  2072 | D:4      | Reached XP level 8. HP: 61/81 MP: 14/14
  2425 | D:2      | Killed Terence
  2800 | D:3      | Reached **** piety under Jiyva
  3269 | D:3      | Found a runed translucent door.
  3270 | D:3      | Noticed Crazy Yiuf
  3278 | D:3      | Killed Crazy Yiuf
  3675 | D:5      | Lost mutation: You have hooves in place of feet. [Jiyva's
                  | grace]
  3675 | D:5      | Gained mutation: You have acidic saliva. [Jiyva's grace]
  3675 | D:5      | Gained mutation: You have sharp fingernails. [Jiyva's
                  | grace]
  3675 | D:5      | Gained mutation: You have very sharp fingernails. [Jiyva's
                  | grace]
  3675 | D:5      | Gained mutation: You have claws for hands. [Jiyva's grace]
  3847 | D:5      | Reached ***** piety under Jiyva
  3882 | D:5      | Found a shimmering altar of Xom.
  3892 | D:5      | Reached skill level 6 in Maces & Flails
  3921 | D:5      | Found a blossoming altar of Fedhas.
  3923 | D:5      | Found a hide-covered altar of Uskayaw.
  3923 | D:5      | Found a stormy altar of Qazlal.
  3923 | D:5      | Found a shimmering blue altar of Sif Muna.
  3967 | D:5      | Reached skill level 5 in Spellcasting
  4130 | D:6      | Found Bophial's Antique Armour Shoppe.
  4130 | D:6      | Found Udujoe's Jewellery Boutique.
  4181 | D:6      | Found Kiys's Magic Scroll Shoppe.
  4217 | D:6      | Bought a scroll of identify for 24 gold pieces
  4217 | D:6      | Bought a scroll of identify for 24 gold pieces
  4217 | D:6      | Bought a scroll of teleportation for 36 gold pieces
  4217 | D:6      | Bought a scroll of identify for 24 gold pieces
  4217 | D:6      | Bought a scroll of identify for 24 gold pieces
  4459 | D:6      | Found Vonkot's Distillery.
  4467 | D:6      | Bought a potion of degeneration for 13 gold pieces
  4467 | D:6      | Bought a potion of curing for 39 gold pieces
  4588 | D:6      | Found Takeuxt's Armour Boutique.
  4781 | D:7      | Reached XP level 9. HP: 89/92 MP: 17/17
  4822 | D:7      | Learned a level 4 spell: Manifold Assault
  4827 | D:7      | Learned a level 4 spell: Vhi's Electric Charge
  4840 | D:7      | Reached skill level 5 in Translocations
  4980 | D:7      | Reached ****** piety under Jiyva
  5100 | D:7      | Noticed a troll
  5111 | D:7      | Killed a troll
  5174 | D:7      | Found a transporter.
  5288 | D:7      | Found a transporter.
  5289 | D:7      | Noticed roomforsquares's ghost (novice MiFi)
  5296 | D:7      | Found a one-way gate to the infinite horrors of the Abyss.
  5300 | D:7      | Noticed an ancient zyme
  5349 | D:7      | Noticed Menkaure
  5361 | D:7      | Killed Menkaure
  5577 | D:7      | Lost mutation: You have hoof-like feet. [Jiyva's grace]
  5577 | D:7      | Lost mutation: You have acidic saliva. [Jiyva's grace]
  5577 | D:7      | Gained mutation: Your system is resistant to poisons.
                  | (rPois) [Jiyva's grace]
  5577 | D:7      | Gained mutation: You are strong-willed. (Will+) [Jiyva's
                  | grace]
  5577 | D:7      | Gained mutation: You are highly strong-willed. (Will++)
                  | [Jiyva's grace]
  5577 | D:7      | Gained mutation: You are extremely strong-willed. (Will+++)
                  | [Jiyva's grace]
  5759 | D:7      | Killed roomforsquares's ghost
  5760 | D:7      | Reached skill level 7 in Maces & Flails
  5760 | D:7      | Reached XP level 10. HP: 100/100 MP: 12/18
  5872 | D:7      | Reached skill level 8 in Maces & Flails
  5896 | D:8      | Noticed a two-headed ogre
  5951 | D:7      | Killed a two-headed ogre
  5952 | D:7      | Reached skill level 9 in Maces & Flails
  6067 | D:8      | Reached skill level 10 in Maces & Flails
  7042 | D:9      | Killed a cyclops
  7089 | D:9      | Noticed a manticore
  7098 | D:9      | Killed a manticore
  7181 | D:9      | Lost mutation: Your system is resistant to poisons. (rPois)
                  | [Jiyva's grace]
  7181 | D:9      | Gained mutation: Your flesh is heat resistant. (rF+)
                  | [Jiyva's grace]
  7181 | D:9      | Gained mutation: Your flesh is very heat resistant. (rF++)
                  | [Jiyva's grace]
  7181 | D:9      | Gained mutation: Your flesh is almost immune to the effects
                  | of heat. (rF+++) [Jiyva's grace]
  7181 | D:9      | Gained mutation: You are somewhat resistant to further
                  | mutation. [Jiyva's grace]
  7271 | D:9      | Noticed Psyche
  7275 | D:9      | Killed Psyche
  7276 | D:9      | Reached skill level 11 in Maces & Flails
  7412 | D:9      | Identified the +2 helmet of Addec {rElec rF+ Str+3}
  7599 | D:10     | Entered Level 10 of the Dungeon
  7604 | D:10     | Reached XP level 11. HP: 107/107 MP: 9/19
  7733 | D:10     | Noticed a two-headed ogre
  7743 | D:10     | Killed a two-headed ogre
  7744 | D:10     | Reached skill level 12 in Maces & Flails
  8292 | D:11     | Noticed Nergalle
  8299 | D:11     | Noticed a boulder beetle
  8310 | D:11     | Reached skill level 13 in Maces & Flails
  8316 | D:11     | Killed Nergalle
  8350 | D:11     | Killed a boulder beetle
  8386 | D:11     | Noticed a manticore
  8403 | D:11     | Killed a manticore
  8456 | D:11     | Found a staircase to the Lair.
  8555 | D:11     | Reached skill level 14 in Maces & Flails
  8665 | D:11     | Noticed a manticore
  8681 | D:11     | Killed a manticore
  9083 | D:12     | Noticed a manticore
  9088 | D:12     | Killed a manticore
  9113 | D:12     | Lost mutation: You have claws for hands. [Jiyva's grace]
  9113 | D:12     | Lost mutation: Your flesh is almost immune to the effects
                  | of heat. (rF+++) [Jiyva's grace]
  9113 | D:12     | Gained mutation: Your melee attacks may engulf your foes in
                  | ooze. [Jiyva's grace]
  9113 | D:12     | Gained mutation: Armour fits poorly on your pseudopods.
                  | [Jiyva's grace]
  9113 | D:12     | Gained mutation: Armour fits poorly on your large
                  | pseudopods. [Jiyva's grace]
  9113 | D:12     | Gained mutation: Armour fits poorly on your massive
                  | pseudopods. [Jiyva's grace]
  9130 | D:12     | Reached XP level 12. HP: 111/115 MP: 12/20
  9613 | D:12     | Noticed a two-headed ogre
  9618 | D:12     | Killed a two-headed ogre
  9619 | D:12     | Reached skill level 15 in Maces & Flails
  9942 | D:12     | Found a staircase to the Orcish Mines.
 10168 | D:12     | Noticed a two-headed ogre
 10173 | D:12     | Killed a two-headed ogre
 10363 | D:13     | Reached skill level 16 in Maces & Flails
 10428 | D:13     | Found a gate to the Vaults.
 10588 | D:13     | Noticed a boulder beetle
 10595 | D:13     | Killed a boulder beetle
 10596 | D:13     | Reached skill level 17 in Maces & Flails
 10637 | D:13     | Noticed a boulder beetle
 10653 | D:13     | Killed a boulder beetle
 10943 | D:14     | Noticed a tengu warrior
 10954 | D:14     | Killed a tengu warrior
 10955 | D:14     | Reached XP level 13. HP: 90/123 MP: 8/21
 11043 | Orc:1    | Entered Level 1 of the Orcish Mines
 11409 | Orc:1    | Lost mutation: You have very sharp fingernails. [Jiyva's
                  | grace]
 11409 | Orc:1    | Lost mutation: Your flesh is very heat resistant. (rF++)
                  | [Jiyva's grace]
 11409 | Orc:1    | Lost mutation: Armour fits poorly on your massive
                  | pseudopods. [Jiyva's grace]
 11409 | Orc:1    | Gained mutation: You are agile. (Dex +4, Str/Int -1)
                  | [Jiyva's grace]
 11409 | Orc:1    | Gained mutation: You are very agile. (Dex +8, Str/Int -2)
                  | [Jiyva's grace]
 11409 | Orc:1    | Gained mutation: Your muscles are strong. (Str +4, Int/Dex
                  | -1) [Jiyva's grace]
 11409 | Orc:1    | Gained mutation: Your muscles are very strong. (Str +8,
                  | Int/Dex -2) [Jiyva's grace]
 11411 | Orc:1    | Found Heinam's Jewellery Emporium.
 11567 | Orc:2    | Entered Level 2 of the Orcish Mines
 11841 | Orc:2    | Reached skill level 18 in Maces & Flails
 11878 | Orc:2    | Reached skill level 5 in Dodging
 11952 | Orc:2    | Noticed an orc warlord
 11980 | Orc:2    | Killed an orc warlord
 11997 | Orc:2    | Found Goduemm's Antique Weapon Shoppe.
 11999 | Orc:2    | Found Pitoymp's Antique Armour Emporium.
 12043 | Orc:2    | Noticed an orc warlord
 12078 | Orc:2    | Killed an orc warlord
 12175 | Orc:2    | Found Sar Suck's Assorted Antiques.
 12443 | Orc:2    | Found a staircase to the Elven Halls.
 12825 | Orc:2    | Found Utot's Antique Armour Shoppe.
 12961 | Lair:1   | Entered Level 1 of the Lair of Beasts
 13351 | Lair:1   | Reached XP level 14. HP: 110/141 MP: 7/26
 13376 | Lair:1   | Noticed Amaemon
 13380 | Lair:1   | Reached skill level 10 in Fighting
 13385 | Lair:1   | Killed Amaemon
 13509 | Lair:1   | Noticed Erica
 13521 | Lair:1   | Killed Erica
 14180 | Lair:2   | Lost mutation: You are very agile. (Dex +8, Str/Int -2)
                  | [Jiyva's grace]
 14180 | Lair:2   | Lost mutation: Your flesh is heat resistant. (rF+) [Jiyva's
                  | grace]
 14180 | Lair:2   | Lost mutation: You are extremely strong-willed. (Will+++)
                  | [Jiyva's grace]
 14180 | Lair:2   | Gained mutation: You are very agile. (Dex +8, Str/Int -2)
                  | [Jiyva's grace]
 14180 | Lair:2   | Lost mutation: You have large cloven feet. [Jiyva's grace]
 14180 | Lair:2   | Gained mutation: You have sharp toenails. [Jiyva's grace]
 14180 | Lair:2   | Gained mutation: You have razor-sharp toenails. [Jiyva's
                  | grace]
 14180 | Lair:2   | Gained mutation: You have claws for feet. [Jiyva's grace]
 14221 | Lair:2   | Found a staircase to the Snake Pit.
 14236 | Lair:2   | HP: 7/144 [poisoned by a black mamba]
 15581 | Lair:3   | Found a staircase to the Swamp.
 16157 | Lair:4   | Lost mutation: You have sharp fingernails. [Jiyva's grace]
 16157 | Lair:4   | Lost mutation: You are very agile. (Dex +8, Str/Int -2)
                  | [Jiyva's grace]
 16157 | Lair:4   | Lost mutation: You are agile. (Dex +4, Str/Int -1) [Jiyva's
                  | grace]
 16157 | Lair:4   | Lost mutation: You are somewhat resistant to further
                  | mutation. [Jiyva's grace]
 16157 | Lair:4   | Lost mutation: Armour fits poorly on your large pseudopods.
                  | [Jiyva's grace]
 16157 | Lair:4   | Gained mutation: You expend magic power (3 MP) to
                  | strengthen your wands. [Jiyva's grace]
 16157 | Lair:4   | Gained mutation: You have acidic saliva. [Jiyva's grace]
 16157 | Lair:4   | Gained mutation: You passively map a small area around you.
                  | [Jiyva's grace]
 16157 | Lair:4   | Gained mutation: You passively map the area around you.
                  | [Jiyva's grace]
 16209 | Lair:4   | Reached skill level 10 in Spellcasting
 16886 | Lair:5   | Entered Level 5 of the Lair of Beasts
 17016 | Lair:5   | Reached XP level 15. HP: 117/158 MP: 24/29
 17305 | Lair:5   | Found the +5 Storm Queen's Shield {shock, Fly rElec}
 17452 | Lair:5   | Found a hide-covered altar of Uskayaw.
 17452 | Lair:5   | Found an ornate altar of the Wu Jian Council.
 17513 | Lair:5   | Found a staircase to the Slime Pits.
 17514 | Lair:5   | Found a viscous altar of Jiyva.
 17593 | Slime:1  | Entered Level 1 of the Pits of Slime
 17593 | Slime:1  | Noticed an acid blob
 17631 | Slime:1  | Noticed an acid blob
 17644 | Slime:1  | Found a viscous altar of Jiyva.
 17644 | Slime:1  | Noticed an acid blob
 17647 | Slime:1  | Noticed a rockslime
 17740 | Slime:1  | Noticed an acid blob
 17909 | Slime:2  | Noticed an azure jelly
 18071 | Slime:3  | Noticed an acid blob
 18071 | Slime:3  | Noticed an azure jelly
 18221 | Slime:4  | Noticed an azure jelly
 18287 | Slime:4  | Noticed an acid blob
 18359 | Slime:5  | Entered Level 5 of the Pits of Slime
 18399 | Slime:5  | Noticed an acid blob
 18411 | Slime:5  | Noticed an azure jelly
 18439 | Slime:5  | Noticed an acid blob
 18457 | Slime:5  | Noticed an acid blob
 18457 | Slime:5  | Noticed the Royal Jelly
 18499 | Slime:5  | Noticed an azure jelly
 18557 | Slime:5  | Noticed a rockslime
 18559 | Slime:5  | Found a viscous altar of Jiyva.
 18560 | Slime:5  | Noticed an acid blob
 18561 | Slime:5  | Noticed an acid blob
 18567 | Slime:5  | Got a slimy rune of Zot
 18574 | Slime:5  | Identified the +3 hand axe of Experimentation {heavy, rC++
                  | rN+ MP-9 Str+2}
 18577 | Slime:5  | Identified the +2 mace of the Ancient Visions {venom, rC+
                  | Int+4}
 18588 | Slime:5  | Identified the +5 chain mail of the Lotus Blossom {rC+
                  | Str+3 Dex-5 Stlth+}
 18803 | Lair:5   | Reached skill level 10 in Dodging
 18842 | Lair:5   | Learned a level 4 spell: Iskenderun's Mystic Blast
 18879 | Lair:5   | Lost mutation: You are highly strong-willed. (Will++)
                  | [Jiyva's grace]
 18879 | Lair:5   | Lost mutation: You are resistant to electric shocks.
                  | (rElec) [Jiyva's grace]
 18879 | Lair:5   | Lost mutation: Your muscles are very strong. (Str +8,
                  | Int/Dex -2) [Jiyva's grace]
 18879 | Lair:5   | Lost mutation: You expend magic power (3 MP) to strengthen
                  | your wands. [Jiyva's grace]
 18879 | Lair:5   | Lost mutation: Your melee attacks may engulf your foes in
                  | ooze. [Jiyva's grace]
 18879 | Lair:5   | Gained mutation: Your flesh is heat resistant. (rF+)
                  | [Jiyva's grace]
 18879 | Lair:5   | Gained mutation: Your flesh is very heat resistant. (rF++)
                  | [Jiyva's grace]
 18879 | Lair:5   | Gained mutation: Your flesh is almost immune to the effects
                  | of heat. (rF+++) [Jiyva's grace]
 18879 | Lair:5   | Gained mutation: You expend magic power (3 MP) to
                  | strengthen your wands. [Jiyva's grace]
 19379 | Lair:5   | Upgraded the game from 0.32-a0-19-g28bc083 to
                  | 0.32-a0-32-g978bd80
 19473 | Snake:1  | Entered Level 1 of the Snake Pit
 19537 | Snake:1  | Reached skill level 1 in Conjurations
 19550 | Snake:1  | HP: 3/163 [shock serpent/electric aura (12)]
 19550 | Snake:1  | Mangled by a salamander

Illustrated notes

Levels and vault maps discovered:
D:1:      dpeg_arrival_pond, layout_basic, ebering_ecumenical_altar_hall,
          minmay_pentomino_v4
D:2:      layout_basic, basic_altar, uniq_terence
D:3:      layout_loops_corners, uniq_crazy_yiuf_cottage
D:4:      layout_basic, minmay_temple_entry_trees, uniq_eustachio, uniq_ijyb
D:5:      layout_rooms, led_xom_imps, grunt_temple_overflow_open, uniq_pikel
D:6:      layout_cave_pools, serial_shops, shop, shop,
          nicolae_shop_pleasant_corner_grove, nicolae_shop_tiny_statue_garden,
          shop
D:7:      layout_basic, gammafunk_ghost_abyssal_escape,
          minmay_misc_feat_pillars, hellmonk_no_cap, uniq_menkaure
D:8:      layout_gridville, kennysheep_generic_room_14
D:9:      layout_basic, minmay_radiant, uniq_psyche
D:10:     layout_basic
D:11:     layout_long_grid, grunt_lair_entry_orc_guard_hut, uniq_nergalle
D:12:     layout_loops_corners, erik_orc_3
D:13:     layout_rooms, david_vaults_1
D:14:     layout_rooms, nicolae_twisty_statue_hallways, uniq_snorg, uniq_azrael
Lair:1:   layout_cave_pods, minivault_24, grunt_megastairs_1, uniq_amaemon,
          uniq_erica
Lair:2:   regret_index_bee_streams, layout_chaotic_city,
          minmay_snake_entry_six_corridors, disabler_island
Lair:3:   layout_roguey, swamp_mist, chequers_serial_rivers_micro_c,
          lemuel_fruit_tree, lemuel_fruit_fields, infiniplex_staircase_pool_2
Lair:4:   layout_gridlike, chequers_serial_rivers_large_b
Lair:5:   evilmike_catoblepas_cave, layout_layer_cave, dpeg_slime_entry_corner,
          nzn_masters_of_martial_movement, serial_bayou_shore_a,
          grunt_megastairs_4
Snake:1:  layout_chambers, serial_shops, nicolae_shop_tiny_glass, uniq_nikola,
          uniq_aizul
Slime:1:  layout_caves, basic_altar
Slime:2:  layout_caves
Slime:3:  layout_caves
Slime:4:  layout_caves
Slime:5:  slime_pit
Orc:1:    layout_caves, serial_shops, nicolae_shop_behind_doors, shop
Orc:2:    grunt_orc_community_town_hall, layout_diamond_mine,
          grunt_orc_community_big_house_2, grunt_orc_community_big_house_2,
          grunt_orc_community_house_1, grunt_orc_community_house_2,
          grunt_orc_community_house_1, grunt_orc_community_house_3,
          grunt_orc_community_house_2, grunt_orc_community_house_1

Skill      XL: |  1  2  3  4  5  6  7  8  9 10 11 12 13 14 15 |
---------------+----------------------------------------------+-----
Fighting       | 3 4 5 6 9 12 14 | 14.1
Spellcasting   | 3 4 5 8 10 11 | 11.9
Translocations | 3 4 9 |  9.0
Maces & Flails | 3 4 5 6 7 11 14 17 18 | 18.0
Dodging        | 3 4 7 9 10 | 10.2
Conjurations   | 1 |  1.2
Throwing       | |  1.0

Action                     |  1- 3 |  4- 6 |  7- 9 | 10-12 | 13-15 || total
---------------------------+-------+-------+-------+-------+-------++-------
  Melee: Mace              |    75 |    23 |       |       |       ||    98
         Headbutt          |    15 |     2 |    49 |    57 |    75 ||   198
         Kick              |       |     1 |    77 |    79 |   109 ||   266
         Whip              |       |       |   370 |    39 |       ||   409
         Bite              |       |       |    26 |       |    12 ||    38
         Punch             |       |       |     2 |       |       ||     2
         Giant club        |       |       |       |   427 |       ||   427
         Giant spiked club |       |       |       |    81 |   985 ||  1066
         Pseudopods        |       |       |       |    19 |    84 ||   103
   Cast: Blink             |       |     2 |     1 |     1 |     1 ||     5
         Manifold Assault  |       |       |     9 |   190 |   344 ||   543
         Vhi's Electric Ch |       |       |       |     1 |       ||     1
         Iskenderun's Myst |       |       |       |       |     6 ||     6
 Invoke: Oozemancy         |       |     2 |     3 |     5 |     8 ||    18
    Use: Potion            |       |       |     2 |     1 |     9 ||    12
         Scroll            |       |       |     5 |     6 |     8 ||    19
 Armour: Robe              |    54 |    43 |   254 |       |       ||   351
         Skin              |       |       |     2 |       |       ||     2
         Acid dragon scale |       |       |    24 |   227 |       ||   251
         Troll leather arm |       |       |       |    96 |   443 ||   539
  Dodge: Dodged            |    38 |    37 |   168 |   181 |   280 ||   704

Table legend: (Time is in decaauts)
 A = Elapsed time spent in this place.
 B = Non-inter-level travel time spent in this place.
 C = Inter-level travel time spent in this place.
 D = Time resting spent in this place.
 E = Time spent auto-exploring this place.
 F = Levels seen in this place.
 G = Mean time per level.
                   A        B        C        D        E       F      G
               +--------+--------+--------+--------+--------+-----+--------+
         Total |  19414 |  18472 |    942 |    632 |  14470 |  27 |  719.0 |
       Dungeon |  11106 |  10650 |    456 |    337 |   8303 |  14 |  793.3 |
          Lair |   5316 |   5105 |    211 |      0 |   4296 |   5 | 1063.2 |
     Snake Pit |     74 |     74 |      0 |      3 |      0 |   1 |   74.0 |
    Slime Pits |   1149 |    959 |    190 |      0 |    935 |   5 |  229.8 |
  Orcish Mines |   1767 |   1685 |     82 |    292 |    936 |   2 |  883.5 |
               +--------+--------+--------+--------+--------+-----+--------+

Top non-repeatable levels by time:
  Lair:5: 1362 daAuts
  Lair:2: 1353 daAuts
    D:12: 1339 daAuts
   Orc:2: 1284 daAuts
     D:7: 1230 daAuts
  Lair:1: 1029 daAuts
     D:4: 1008 daAuts
     D:1: 956 daAuts
     D:8: 943 daAuts
  Lair:4: 899 daAuts
     D:3: 875 daAuts
    D:11: 855 daAuts
  Lair:3: 672 daAuts
     D:2: 668 daAuts
     D:9: 668 daAuts
